 Dungeon Crawl Stone Soup version 0.30-a0-989-g0d87f670db (webtiles) character file.

Game seed: 9883630187069385717

4 DeathPants the Slasher (level 1, 0/11 HPs)
             Began as a Vine Stalker Gladiator on Apr 2, 2023.
             Slain by a hobgoblin (1 damage)
             ... on level 1 of the Dungeon.
             The game lasted 00:00:49 (322 turns).

DeathPants the Slasher (Vine Stalker Gladiator)      Turns: 322, Time: 00:00:50

Health: 0/11       AC:  4    Str: 16    XL:     1   Next: 70%
Magic:  0/2        EV: 12    Int:  8    God:
Gold:   10         SH:  0    Dex: 15    Spells: 0/0 levels left

rFire   . . .      SeeInvis .    b - +1 short sword (drain)
rCold   . . .      Faith    .    (no shield)
rNeg    . . .      Spirit   +    g - +0 leather armour
rPois   .          Reflect  .    c - +0 helmet
rElec   .          Rampage  .    (no cloak)
rCorr   .                        (no gloves)
Will    .....                    (no boots)
Stlth   +                        (no amulet)
HPRegen 0.21/turn                (no ring)
MPRegen 0.08/turn                (no ring)

@: no status effects
A: fangs 2, magic shield, antimagic bite, no potion heal 2
a: no special abilities


You were on level 1 of the Dungeon.
You visited 1 branch of the dungeon, and saw 2 of its levels.

You collected 10 gold pieces.

Inventory:

Hand Weapons
 a - a +0 long sword
 b - a +1 short sword of draining (weapon)
Missiles
 d - 3 throwing nets (quivered)
 e - a javelin
Armour
 c - a +0 helmet (worn)
 g - a +0 leather armour (worn)
Scrolls
 f - a scroll of poison {unknown}


   Skills:
 + Level 1.8 Fighting
 * Level 2.8 Long Blades
 - Level 1.7 Throwing
 + Level 0.2 Armour
 + Level 2.4 Dodging


You couldn't memorise any spells.
You didn't know any spells.
Your spell library was empty.

Dungeon Overview and Level Annotations

Branches:
Dungeon (2/15)

Altars:


Innate Abilities, Weirdness & Mutations

You have extremely sharp teeth.
When hurt, damage is shared between your health and your magic reserves.
Your bite disrupts and absorbs the magic of your enemies.
Potions cannot restore your health.


Message History

The giant cockroach barely misses you.
The quokka bites you but does no damage.
The giant cockroach bites you but does no damage.
You closely miss the quokka.
The quokka is moderately wounded.
The quokka twitches its whiskers.
The quokka misses you. The giant cockroach bites you.
You closely miss the quokka. You bite the quokka. You drain its power.
You feel invigorated.
The quokka is severely wounded.
The quokka bites you. The giant cockroach closely misses you.
You miss the quokka. Your bite misses the quokka.
The quokka is severely wounded.
A hobgoblin comes into view.
The giant cockroach bites you. The quokka bites you.
You closely miss the quokka. You bite the quokka.
You kill the quokka!
The giant cockroach bites you.
You closely miss the ball python. The ball python misses you.
The ball python grabs you. The ball python constricts you.
The giant cockroach completely misses you.
You barely miss the ball python. Your bite misses the ball python.
The ball python bites you but does no damage.
The ball python constricts you.
* * * LOW HITPOINT WARNING * * *
The giant cockroach barely misses you.
The hobgoblin hits you but does no damage.
The ball python closely misses you. The ball python constricts you.
* * * LOW HITPOINT WARNING * * *
You hit the hobgoblin. You drain the hobgoblin.
The hobgoblin is severely wounded.
The giant cockroach barely misses you.
The hobgoblin hits you but does no damage.
The ball python bites you but does no damage.
The ball python constricts you. The giant cockroach bites you.
* * * LOW HITPOINT WARNING * * *
You hit the ball python. You drain the ball python.
You kill the ball python!
The hobgoblin hits you.
You die...

#### ##.....## ###
##.......## ##.##
#.........####...##
+.........'.......#
#.........####...##
##.......## ##.##
##.....## ###
....#Bg.## #
#.##@## #)# #.# #.#
... ... ... ..>##


You could see a giant cockroach and a hobgoblin (very drained).

Vanquished Creatures
  A quokka (D:1)
  4 ball pythons (D:1)
  A goblin (D:1)
  A kobold (D:1)
7 creatures vanquished.

Notes
Turn   | Place    | Note
-------+----------+-------------------------------------------
     0 | D:1      | DeathPants the Vine Stalker Gladiator began the quest for
                  | the Orb.
     0 | D:1      | Reached XP level 1. HP: 11/11 MP: 2/2
   322 | D:1      | Slain by a hobgoblin

Illustrated notes

Levels and vault maps discovered:
D:1:      beargit_arrival_diablo_church, layout_loops_corners,
          shapermc_ecumenical_altar_flowoftime, minmay_misc_feat_iff,
          minmay_pentomino_o4
D:2:      layout_basic, corexii_corridor_pit, corexii_leaking_fountain,
          uniq_terence

Action                     || total
---------------------------++-------
  Melee: Short sword       ||    14
         Long sword        ||     6
         Bite              ||     3
 Armour: Leather armour    ||    10
  Dodge: Dodged            ||    17

Table legend: (Time is in decaauts)
 A = Elapsed time spent in this place.
 B = Non-inter-level travel time spent in this place.
 C = Inter-level travel time spent in this place.
 D = Time resting spent in this place.
 E = Time spent auto-exploring this place.
 F = Levels seen in this place.
 G = Mean time per level.
                   A        B        C        D        E       F      G
               +--------+--------+--------+--------+--------+-----+--------+
         Total |    322 |    322 |      0 |      0 |    256 |   2 |  161.0 |
       Dungeon |    322 |    322 |      0 |      0 |    256 |   2 |  161.0 |
               +--------+--------+--------+--------+--------+-----+--------+

Top non-repeatable levels by time:
     D:1: 319 daAuts
     D:2: 3 daAuts
